 Dungeon Crawl Stone Soup version 0.22-b1-21-g5cfc1688f2 (webtiles) character file.

137 Kirk the Chopper (level 5, 19/38 HPs)
             Began as a Demonspawn Skald on Aug 5, 2018.
             Quit the game on level 3 of the Dungeon.
             The game lasted 00:04:24 (2542 turns).

Kirk the Chopper (Demonspawn Skald)                 Turns: 2542, Time: 00:04:24

Health: 19/38      AC:  3    Str: 12    XL:     5   Next: 0%
Magic:  1/8        EV: 11    Int: 15    God:
Gold:   153        SH:  0    Dex: 12    Spells: 3/8 levels left

rFire    . . .     SeeInvis .   a - +0 hand axe
rCold    . . .     Gourm    .   (no shield)
rNeg     . . .     Faith    .   j - +0 leather armour (curse)
rPois    .         Spirit   .   (no helmet)
rElec    .         Reflect  .   (no cloak)
rCorr    .         Harm     .   (no gloves)
MR       .....                  (no boots)
Stlth    ++........             (no amulet)
HPRegen  0.12/turn              (no ring)
MPRegen  0.11/turn              (no ring)

@: singing
A: nightstalker 1, rot immunity
a: no special abilities


You were on level 3 of the Dungeon.
You were not hungry.

You visited 1 branch of the dungeon, and saw 3 of its levels.

You collected 153 gold pieces.

Inventory:

Hand Weapons
 a - a +0 hand axe (weapon)
 f - a +0 dagger of venom
Armour
 j - a cursed +0 leather armour (worn)
Scrolls
 e - 4 scrolls of blinking {unknown}
 g - 3 scrolls of fear {unknown}
 h - a scroll of identify {unknown}
 i - a scroll of enchant weapon {unknown}
 k - a scroll of amnesia {unknown}
 l - a scroll of enchant armour {unknown}
Potions
 c - a potion of brilliance
Comestibles
 b - a chunk of flesh
 d - 5 rations


   Skills:
 - Level 2.0 Fighting
 + Level 4.1 Axes
 - Level 0.8 Armour
 - Level 1.7 Dodging
 + Level 2.4 Spellcasting
 + Level 3.1 Charms


You had 3 spell levels left.
You knew the following spells:

 Your Spells              Type           Power        Failure   Level  Hunger
a - Infusion              Chrm           ##..         8%          1    #......
b - Song of Slaying       Chrm           ##......     11%         2    ###....
c - Shroud of Golubria    Chrm/Tloc      #.........   22%         2    ###....

Your spell library contained the following spells:

 Spells                   Type           Power        Failure   Level  Hunger
 Regeneration             Chrm/Necr      #.........   38%         3    ###....
 Spectral Weapon          Hex/Chrm       #.......     38%         3    ###....


Dungeon Overview and Level Annotations

Branches:
Dungeon (3/15)

Altars:


Innate Abilities, Weirdness & Mutations

You are slightly more attuned to the shadows.
You are immune to rotting.


Message History

The dart slug is severely wounded.
The dart slug completely misses you.
You slash the dart slug!
You kill the dart slug!
You have reached level 5!
Your demonic ancestry asserts itself...
You slip into the darkness of the dungeon.
You are no longer magically infusing your attacks.
Items here: )) †††† Butcher a dart slug corpse? [(y)es/(n)o/(a)ll/(q)uit/?]
Butcher a hobgoblin corpse? [(y)es/(n)o/(a)ll/(q)uit/?]
Okay, then.
You butcher the dart slug corpse.
b - 2 chunks of flesh
Items here: )) ††† a club; a dagger; a hobgoblin corpse; a kobold corpse; an adder corpse Eat one of 2 chunks of flesh? (ye/n/q)
You eat one of the 2 chunks of flesh.
This raw flesh tastes terrible.
Unknown command.
Are you sure you want to abandon this character and quit the game? (Confirm with "yes".)

.. ... ######..
#.....# . #.....#?.
#........ #........
###........
##)@........
##..###.##... ####
##..####.# .
##..#####.........
#(..#.....#.....#.#
#.#.#.##.##...(...#
#.#.#.<..........#
#.#............#.#
#.##....÷........#


There were no monsters in sight!

Vanquished Creatures
  A hound (D:2)
  3 adders
  2 oozes
  2 worms (D:2)
  4 dart slugs
  3 leopard geckos
  An orc (D:3)
  5 bats
  2 giant cockroaches (D:1)
  4 goblins
  9 hobgoblins
  6 kobolds
  2 quokkas (D:2)
  A ball python (D:1)
  5 frilled lizards (D:1)
  9 rats
59 creatures vanquished.

Notes
Turn   | Place    | Note
-------+----------+-------------------------------------------
     0 | D:1      | Kirk the Demonspawn Skald began the quest for the Orb.
     0 | D:1      | Reached XP level 1. HP: 16/16 MP: 3/3
    78 | D:1      | Reached skill level 2 in Axes
   120 | D:1      | Gained mutation: You are immune to rotting. [demonic ancestry]
   120 | D:1      | Reached XP level 2. HP: 5/22 MP: 0/5
   560 | D:1      | Reached XP level 3. HP: 17/27 MP: 6/6
   967 | D:2      | Reached skill level 3 in Axes
  1411 | D:2      | Reached XP level 4. HP: 16/33 MP: 1/7
  1902 | D:2      | Learned a level 2 spell: Song of Slaying
  1905 | D:2      | Learned a level 2 spell: Shroud of Golubria
  2297 | D:3      | Reached skill level 4 in Axes
  2537 | D:3      | Gained mutation: You are slightly more attuned to the shadows. [demonic ancestry]
  2537 | D:3      | Reached XP level 5. HP: 19/38 MP: 0/8
  2542 | D:3      | Quit the game

Skill      XL: |  1  2  3  4 |
---------------+-------------+-----
Axes           | 2 3 4 |  4.1
Charms         | 3 |  3.1
Fighting       | |  2.0
Armour         | |  0.8
Dodging        | |  1.7
Spellcasting   | |  2.4

Action                   |  1- 3 |  4- 6 || total
-------------------------+-------+-------++-------
Melee: Hand axe          |   144 |    68 ||   212
 Cast: Infusion          |     6 |     5 ||    11
       Shroud of Golubri |       |     1 ||     1
       Song of Slaying   |       |     1 ||     1
  Use: Potion            |       |     1 ||     1
 Stab: Sleeping          |     1 |     1 ||     2
  Eat: Chunk             |     1 |     5 ||     6
Armor: Leather armour    |    43 |    16 ||    59
Dodge: Dodged            |   105 |    49 ||   154
